Map: Tropic Shores

Players

Chronos

  • Race: Zerg Zerg
  • League: Platinum
  • Spawn Location: 5:00

JukeJenkins

  • Race: Terran Terran
  • League: Silver
  • Spawn Location: 5:00

ninjadog

  • Race: Protoss Protoss
  • League: Platinum
  • Spawn Location: 6:00

SushiSamurai

  • Race: Terran Terran
  • League: Diamond
  • Spawn Location: 6:00

keyz - Winner!

  • Race: Protoss Protoss
  • League: Diamond
  • Spawn Location: 0:00

kronos - Winner!

  • Race: Protoss Protoss
  • Spawn Location: 12:00

JaySlays - Winner!

  • Race: Terran Terran
  • Spawn Location: 12:00

Wolf - Winner!

  • Race: Protoss Protoss
  • League: Diamond
  • Spawn Location: 11:00

VOD

Have the link to the VOD?

Description

Time

  • Played on: April 21, 2018, 1:22 a.m.
  • Length: 17:37
Show
View Real Time Build Order
Export as new Build Order

Chronos Zerg 

Build Orders: Pool First 

Get SALT Encoding   

  12  0:02  Drone  
  13  0:12  Drone  
  14  0:30  Spawning Pool  
  14  0:32  Drone  
  14  0:59  Hatchery  
  13  1:06  Drone  
  14  1:11  Extractor  
  14  1:13  Drone  
  14  1:17  Overlord  
  14  1:35  Queen  
  16  1:40  Drone x2  
  18  1:50  Drone  
  19  2:02  Drone x2  
  21  2:12  Drone  
  22  2:17  Queen  
  24  2:27  Drone x2  
  26  2:34  Metabolic Boost  
  26  2:43  Drone  
  26  2:44  Drone  
  28  2:47  Overlord  
  28  3:04  Lair  
  28  3:07  Zergling x8  
  28  3:08  Zergling x2  
  28  3:12  Zergling x2  
  34  3:22  Overlord  
  34  3:39  Drone x2  
  36  3:42  Extractor  
  36  3:48  Extractor, Drone x3  
  35  3:52  Extractor  
  35  3:54  Drone x2  
  35  3:55  Drone x4  
  42  4:08  Drone  
  42  4:09  Drone  
  44  4:20  Hydralisk Den  
  43  4:25  Drone  
  43  4:26  Overlord x3  
  43  4:27  Overlord  
  43  4:31  Spore Crawler  
  43  4:32  Spore Crawler  
  43  4:36  Overlord  
  42  4:55  Muscular Augments  
  42  5:02  Drone x6  
  42  5:03  Drone x2  
  50  5:24  Hydralisk x4  
  57  5:45  Hydralisk  
  57  5:46  Hydralisk x5  
  69  5:59  Hydralisk x2  
  69  6:00  Hydralisk  
  75  6:07  Grooved Spines  
  75  6:11  Evolution Chamber  
  74  6:14  Evolution Chamber  
  74  6:16  Drone x2, Overlord  
  75  6:35  Hydralisk x3  
  75  6:38  Zerg Ground Armor Level 1  
  81  6:40  Zerg Missile Weapons Level 1  
  81  6:54  Hydralisk x2  
  83  7:04  Hydralisk  
  75  7:21  Drone x3  
  77  7:37  Drone  
  77  7:43  Infestation Pit  
  77  7:46  Hatchery  
  76  7:59  Drone x2  
  76  8:00  Drone x3  
  81  8:17  Hydralisk  
  83  8:20  Hive  
  83  8:21  Overlord x2  
  83  8:37  Spire, Queen  
  84  8:43  Zerg Ground Armor Level 2  
  84  8:44  Zerg Missile Weapons Level 2  
  84  8:48  Hydralisk x2  
  84  8:49  Hydralisk  
  90  9:00  Hydralisk x3  
  96  9:11  Hydralisk x2  
  100  9:35  Overlord x5  
  100  9:57  Hydralisk x4  
  100  9:58  Hydralisk x2  
  112  10:11  Greater Spire  
  112  10:22  Hydralisk x2  
  112  10:23  Hydralisk x2  
  120  10:34  Hydralisk  
  120  10:35  Hydralisk  
  124  10:40  Hatchery  
  122  11:00  Hydralisk x3  
  122  11:01  Hydralisk  
  120  11:05  Hydralisk x2  
  124  11:22  Hydralisk x3  
  130  11:39  Hydralisk x3  
  126  11:47  Hydralisk x2  
  126  11:48  Hydralisk  
  122  12:01  Hydralisk x2  
  120  12:05  Drone  
  120  12:07  Spore Crawler  
  123  12:33  Drone x2  
  125  12:44  Hydralisk x4  
  125  12:45  Hydralisk x3  
  125  12:46  Hydralisk  
  141  13:07  Nydus Network  
  65  13:41  Hydralisk  
  65  13:42  Hydralisk x6  
  65  13:43  Hydralisk x3  
  65  13:44  Hydralisk  
  87  13:56  Zerg Missile Weapons Level 3  
  87  14:09  Hydralisk x3  
  55  14:52  Hydralisk  
  55  14:53  Hydralisk x7  
  55  14:59  Hydralisk  
  55  15:18  Hydralisk  
  55  15:19  Hydralisk x2  
  59  15:27  Hydralisk x2  
  59  15:28  Hydralisk x2  
  67  15:40  Hydralisk x2  
  71  15:45  Queen  
  71  15:47  Hydralisk x2  
  77  16:10  Hatchery  
  76  16:13  Hydralisk x4  
  76  16:14  Hydralisk  
  28  16:41  Hydralisk  
  28  16:42  Hydralisk x4  
Show
View Real Time Build Order
Export as new Build Order

JukeJenkins Terran 

Build Orders: Cyclone Opening 

Get SALT Encoding   

  12  0:02  SCV  
  13  0:14  SCV  
  14  0:21  Supply Depot  
  14  0:26  SCV  
  15  0:32  Refinery  
  16  0:42  SCV  
  16  0:48  Barracks  
  16  0:54  SCV  
  17  1:07  SCV  
  18  1:19  SCV  
  19  1:31  SCV  
  20  1:36  Factory  
  20  1:43  SCV  
  20  1:44  Refinery  
  21  1:54  Barracks Reactor  
  21  2:06  Engineering Bay  
  21  2:11  SCV  
  22  2:29  Supply Depot  
  22  2:40  Missile Turret  
  22  2:43  Orbital Command  
  22  2:51  Cyclone x2  
  28  2:52  Supply Depot  
  28  2:57  Barracks Tech Lab  
  28  3:10  SCV  
  29  3:17  Missile Turret  
  29  3:29  Command Center  
  30  3:34  SCV  
  30  3:47  Cyclone  
  30  3:48  Cyclone  
  36  4:00  Factory  
  36  4:15  Missile Turret  
  36  4:20  Supply Depot  
  36  4:26  Cyclone  
  39  4:41  SCV, Cyclone  
  39  4:43  Supply Depot  
  43  4:53  Siege Tank, SCV  
  47  5:00  Missile Turret, SCV  
  47  5:05  SCV  
  49  5:12  SCV  
  50  5:17  SCV  
  51  5:21  Missile Turret  
  51  5:22  Missile Turret  
  51  5:25  Missile Turret, SCV  
  52  5:37  Orbital Command  
  52  5:40  SCV  
  53  5:51  Siege Tank  
  53  5:52  Hellion, SCV  
  53  5:53  Hellion  
  61  6:08  Infernal Pre-Igniter  
  61  6:10  SCV  
  61  6:11  SCV  
  63  6:20  Hellion x2  
  63  6:23  SCV x2  
  69  6:26  Armory  
  69  6:35  SCV  
  69  6:37  Refinery  
  69  6:39  Refinery  
  70  6:44  Sensor Tower  
  68  6:58  Hellion  
  69  7:05  Supply Depot  
  69  7:07  Supply Depot  
  69  7:10  Siege Tank  
  69  7:12  Hellion  
  68  7:28  Orbital Command  
  68  7:42  Terran Vehicle Weapons Level 1  
  68  7:47  Armory  
  68  8:03  Missile Turret x2  
  68  8:17  SCV x2  
  70  8:22  Sensor Tower  
  70  8:24  Hellion x2  
  74  8:29  SCV x2  
  76  8:35  Starport  
  76  8:41  SCV x2  
  74  9:00  Hellion x2, Siege Tank  
  81  9:08  Refinery  
  81  9:10  Refinery  
  81  9:13  Starport Tech Lab  
  81  9:16  Factory  
  81  9:17  Terran Vehicle And Ship Armor Level 1  
  81  9:33  Hellion x2  
  85  9:42  Siege Tank  
  74  10:00  Hellion x2  
  59  10:16  Factory Tech Lab  
  59  10:18  Terran Vehicle Weapons Level 2  
  59  10:21  Siege Tank  
  62  10:32  Sensor Tower  
  62  10:37  Supply Depot  
  62  10:39  Siege Tank  
  62  10:40  Hellion x2  
  69  10:50  Command Center  
  69  10:59  Siege Tank  
  69  11:00  Supply Depot  
  72  11:10  Terran Vehicle And Ship Armor Level 2  
  72  11:12  Siege Tank  
  72  11:13  Hellion x2  
  49  12:16  Liberator  
  49  12:18  Refinery  
  49  12:21  Hellion x2, Siege Tank x2, Sensor Tower  
  62  12:52  Hellion x2  
  66  13:00  Factory  
  66  13:01  Factory, Terran Vehicle Weapons Level 3  
  64  13:21  Hellion  
  64  13:22  Hellion, Siege Tank x2  
  74  13:43  Hellion x2  
  69  14:09  Missile Turret  
  63  14:11  Missile Turret  
  63  14:13  Hellion x2, Siege Tank x2  
  35  14:35  Hellion x2  
Show
View Real Time Build Order
Export as new Build Order

ninjadog Protoss 

Build Orders:  

Get SALT Encoding   

  12  0:00  Probe  
  13  0:08  Probe  
  14  0:16  Probe  
  15  0:26  Assimilator  
  15  0:30  Pylon  
  15  0:50  Probe  
  15  0:52  Gateway  
  16  1:02  Probe  
  17  1:09  Gateway  
  17  1:29  Pylon, Probe  
  18  1:40  Probe  
  18  1:41  Cybernetics Core  
  19  1:48  Probe  
  19  1:49  Assimilator  
  19  1:53  Zealot  
  22  1:56  Probe  
  23  2:07  Gateway  
  23  2:18  Adept  
  25  2:24  Warp Gate  
  25  2:25  Gateway  
  25  2:32  Pylon  
  25  2:40  Adept  
  27  2:55  Twilight Council  
  27  2:59  Adept  
  27  3:03  Probe  
  30  3:11  Pylon  
  30  3:19  Stalker  
  32  3:33  Resonating Glaives  
  32  3:36  Stalker  
  32  3:37  Stalker  
  29  4:14  Probe  
  29  4:22  Probe  
  29  4:23  Pylon  
  30  4:28  Stalker  
  33  4:33  Stalker  
  35  5:22  Nexus  
  35  5:27  Probe  
  36  5:39  Probe  
  37  5:51  Probe  
  38  6:15  Stalker x2  
  38  6:16  Stalker x2  
  46  6:56  Adept x4  
  34  7:31  Stalker x4  
  34  7:35  Probe  
  34  7:37  Gateway  
  43  7:39  Gateway  
  43  7:49  Probe x2  
  45  7:57  Probe  
  45  7:58  Probe  
  45  8:05  Probe  
  48  8:16  Probe  
  37  8:51  Robotics Facility  
  37  8:52  Robotics Facility  
  37  8:57  Pylon  
  37  8:59  Pylon  
  37  9:03  Probe  
  37  9:04  Probe  
  37  9:05  Forge  
  37  9:07  Forge  
  39  9:11  Probe  
  39  9:12  Probe  
  22  9:55  Probe  
  22  9:56  Probe  
  24  10:03  Probe  
  24  10:04  Probe  
  24  10:10  Immortal  
  24  10:12  Probe x2  
  32  10:23  Probe  
  32  10:24  Probe  
  34  10:43  Immortal  
  38  10:57  Protoss Shields Level 1  
  38  11:06  Probe  
  38  11:09  Probe  
  40  11:11  Assimilator  
  40  11:14  Stalker  
  40  11:15  Assimilator  
  40  11:17  Pylon  
  42  11:18  Probe  
  42  11:19  Pylon  
  42  11:20  Protoss Ground Weapons Level 1  
  42  11:21  Probe  
  42  11:22  Pylon  
  44  11:30  Probe  
  45  11:33  Probe  
  31  12:11  Probe  
  32  12:19  Probe  
  32  12:29  Probe  
  34  12:41  Probe  
  35  13:00  Immortal x2  
  35  13:02  Stalker x2  
  47  13:35  Stalker x2  
  47  13:36  Stalker x3  
  42  14:27  Stalker x3  
  42  14:28  Stalker x2  
  28  15:23  Stalker x4  
  28  15:24  Stalker x2  
  40  15:42  Probe  
  41  15:50  Probe  
  42  15:59  Probe  
  43  16:12  Probe  
  44  16:24  Probe, Zealot x4  
  44  16:25  Zealot x2  
Show
View Real Time Build Order
Export as new Build Order

SushiSamurai Terran 

Build Orders:  

Get SALT Encoding   

  12  0:02  SCV  
  13  0:15  SCV  
  14  0:28  SCV, Refinery  
  14  0:29  Supply Depot  
  15  0:52  Barracks  
  15  0:57  SCV  
  16  1:09  SCV  
  17  1:19  Refinery  
  17  1:24  SCV  
  18  1:43  Command Center  
  18  1:59  Factory  
  18  2:02  Barracks Tech Lab  
  18  2:06  SCV  
  19  2:24  Orbital Command  
  19  2:43  Starport  
  19  2:49  SCV  
  20  2:57  Orbital Command  
  20  3:02  SCV  
  21  3:23  SCV  
  22  3:29  Corvid Reactor, Raven  
  24  3:36  SCV x2  
  24  3:40  Starport  
  26  3:42  Factory Tech Lab  
  26  3:48  SCV x2  
  27  3:50  Refinery  
  27  3:51  Refinery  
  28  4:13  Raven  
  30  4:23  SCV x2  
  32  4:35  SCV x2  
  34  4:44  Raven  
  36  4:46  Supply Depot  
  36  4:48  SCV  
  36  4:49  SCV  
  36  4:51  Engineering Bay  
  38  4:52  Command Center  
  38  5:07  Supply Depot, Raven  
  38  5:08  SCV  
  38  5:09  SCV  
  42  5:21  Missile Turret  
  42  5:22  Missile Turret  
  42  5:25  Missile Turret  
  42  5:28  Starport  
  42  5:30  Starport, Missile Turret  
  42  5:37  Missile Turret  
  42  5:42  Missile Turret  
  42  5:54  Raven  
  42  5:55  Raven  
  46  6:06  SCV x2  
  46  6:08  Orbital Command  
  48  6:12  Missile Turret, Starport Tech Lab  
  48  6:13  Starport Tech Lab  
  48  6:18  Hi-Sec Auto Tracking  
  48  6:37  Raven  
  50  7:02  Raven x2  
  54  7:27  Raven  
  56  7:36  Raven  
  58  7:37  SCV  
  58  7:38  SCV x2  
  58  7:41  Refinery  
  61  7:49  Command Center, SCV  
  61  7:50  SCV  
  63  7:52  SCV  
  63  7:55  Supply Depot  
  63  7:58  Supply Depot  
  64  8:02  SCV x2  
  64  8:03  Command Center  
  64  8:04  SCV  
  67  8:06  Raven  
  69  8:17  Building Armor, SCV x3  
  72  8:29  SCV x3  
  75  8:41  SCV  
  74  8:56  Raven x2  
  78  9:09  Planetary Fortress  
  62  9:20  Raven  
  62  9:50  Raven x2  
  66  10:15  Command Center  
  66  10:19  Missile Turret  
  66  10:25  Raven  
  68  10:43  Missile Turret  
  68  10:54  Missile Turret  
  68  10:57  Command Center  
  68  11:13  Raven x2  
  72  12:08  Raven  
  72  12:09  Raven x2  
  76  12:19  Raven  
  44  12:51  Raven  
  44  12:52  Raven  
  44  12:58  SCV x2  
  44  13:10  SCV x2  
  46  13:16  Command Center  
  46  13:23  Command Center  
  37  13:53  Raven x3  
  26  14:16  Raven  
  28  14:46  Raven  
  30  14:56  Raven  
  31  15:17  Command Center  
  30  15:46  Missile Turret  
  30  15:48  Missile Turret  
  30  15:53  Raven  
  32  16:09  Missile Turret  
  32  16:11  Missile Turret  
Show
View Real Time Build Order
Export as new Build Order

keyz Protoss - Winner!

Build Orders:  

Get SALT Encoding   

  12  0:01  Probe  
  13  0:13  Probe  
  14  0:21  Pylon  
  14  0:25  Probe  
  15  0:36  Probe  
  16  0:44  Probe  
  16  0:48  Gateway  
  17  1:00  Probe  
  18  1:29  Assimilator  
  18  1:38  Cybernetics Core  
  18  1:40  Pylon  
  18  1:42  Probe  
  18  1:46  Nexus  
  19  1:54  Warp Gate  
  18  2:02  Zealot  
  20  2:11  Probe  
  21  2:23  Shield Battery x2  
  21  2:29  Adept  
  23  2:32  Probe  
  23  2:36  Assimilator  
  24  2:52  Pylon  
  24  2:54  Probe  
  25  2:59  Gateway  
  25  3:01  Adept  
  27  3:12  Shield Battery  
  27  3:22  Gateway  
  29  3:39  Probe x2  
  31  3:46  Robotics Facility  
  31  3:51  Probe x2  
  31  3:59  Sentry  
  31  4:00  Sentry  
  35  4:03  Probe  
  35  4:04  Probe  
  37  4:15  Probe  
  37  4:16  Probe  
  39  4:18  Pylon  
  39  4:28  Probe x2, Immortal  
  39  4:30  Pylon  
  45  4:51  Adept x2  
  45  4:52  Probe  
  50  4:53  Probe  
  51  5:00  Twilight Council  
  51  5:10  Resonating Glaives  
  51  5:16  Adept x3  
  51  5:17  Probe x2  
  59  5:27  Gateway  
  59  5:29  Pylon  
  59  5:34  Probe x2  
  61  5:46  Adept x2  
  65  6:02  Nexus  
  65  6:05  Probe x2  
  67  6:12  Adept x2  
  67  6:18  Pylon  
  71  6:22  Probe x2  
  73  6:31  Pylon  
  73  6:34  Probe x2  
  73  6:35  Pylon  
  75  6:41  Forge  
  75  6:43  Forge  
  73  7:06  Protoss Ground Weapons Level 1, Protoss Ground Armor Level 1  
  45  7:22  Adept x4  
  53  7:24  Immortal  
  53  7:27  Probe  
  53  7:28  Probe x2  
  60  7:38  Gateway  
  60  7:39  Gateway  
  60  7:40  Charge  
  60  7:41  Gateway  
  60  7:43  Probe x3, Templar Archives  
  63  7:47  Assimilator  
  63  7:51  Assimilator, Zealot x2  
  63  7:55  Probe  
  63  7:57  Probe x2  
  71  8:05  Observer  
  71  8:14  Zealot x4  
  71  8:16  Probe x3  
  76  8:33  Probe x2  
  71  8:35  Probe  
  63  8:44  Psionic Storm  
  63  8:45  Probe x2  
  63  8:46  Immortal  
  52  9:08  Zealot x6  
  52  9:09  Zealot  
  65  9:29  Protoss Ground Weapons Level 2  
  65  9:31  High Templar x2  
  67  9:33  Zealot x3  
  74  10:02  Zealot x2  
  78  10:31  Protoss Ground Armor Level 2  
  78  10:35  Pylon x2  
  78  10:38  Pylon  
  78  10:41  Pylon x2  
  78  10:44  Pylon  
  78  10:54  High Templar x2  
  78  10:56  Zealot x4  
  90  10:57  Zealot  
  92  11:11  Observer  
  93  11:20  Nexus  
  65  12:06  High Templar x2  
  65  12:07  High Templar x3  
  64  12:09  Zealot x2  
  64  12:12  Assimilator  
  64  12:14  Pylon  
  68  12:16  Pylon  
  68  12:21  Protoss Ground Weapons Level 3  
  68  12:28  Stargate  
  68  12:29  Probe x2  
  70  12:36  Photon Cannon  
  70  12:37  Photon Cannon  
  70  12:39  Photon Cannon  
  70  12:40  Photon Cannon  
  70  12:45  Assimilator  
  70  12:47  Pylon  
  70  12:48  Pylon, Zealot  
  72  12:59  Zealot x2  
  72  13:00  Probe  
  72  13:01  Probe x2  
  56  13:32  High Templar  
  56  13:33  High Templar x3  
  64  13:34  Zealot x2  
  64  13:35  Zealot  
  70  13:42  Protoss Ground Armor Level 3  
  70  13:56  Zealot x3  
  76  14:08  Gateway  
  76  14:11  Zealot  
  76  14:12  Zealot x3  
  54  15:02  High Templar x3  
  54  15:03  Zealot x2  
  54  15:04  Zealot x2  
  68  15:10  Archon  
  68  15:12  High Templar  
  70  15:15  Immortal  
  74  15:22  Gateway  
  74  15:26  Gateway x2  
  74  15:30  High Templar x3  
  74  15:31  High Templar x2  
  84  15:38  Archon  
  84  15:42  Zealot x2  
  88  15:54  Immortal  
  92  16:06  High Templar x2  
  92  16:07  High Templar  
  92  16:10  Zealot x5  
  108  16:12  Archon  
  108  16:41  Archon  
  108  16:42  Archon  
  106  16:56  Nexus  
  106  16:58  Pylon  
  106  17:01  Pylon  
  106  17:02  Pylon  
Show
View Real Time Build Order
Export as new Build Order

kronos Protoss - Winner!

Build Orders: 1 Gate Expand 

Get SALT Encoding   

  12  0:01  Probe  
  13  0:13  Probe  
  14  0:19  Pylon  
  14  0:30  Probe  
  15  0:38  Probe  
  15  0:42  Gateway  
  16  0:48  Probe  
  17  0:58  Probe  
  17  1:01  Assimilator  
  18  1:06  Probe  
  19  1:17  Probe  
  20  1:40  Cybernetics Core, Nexus  
  20  1:43  Pylon  
  20  1:57  Assimilator  
  20  2:14  Gateway  
  20  2:16  Stalker  
  20  2:18  Warp Gate  
  20  2:20  Probe  
  23  2:28  Gateway  
  23  2:48  Stalker  
  23  2:49  Probe  
  25  2:57  Probe  
  27  3:07  Probe  
  27  3:10  Twilight Council  
  28  3:14  Stalker  
  28  3:19  Stalker  
  32  3:25  Probe  
  32  3:26  Probe  
  34  3:34  Probe  
  34  3:35  Stalker  
  34  3:37  Probe  
  38  3:46  Robotics Facility  
  38  3:49  Probe  
  45  4:31  Blink  
  39  4:32  Probe  
  39  4:34  Observer  
  41  4:38  Pylon  
  41  4:40  Probe  
  41  4:41  Assimilator  
  42  4:47  Assimilator  
  42  4:52  Probe  
  43  4:59  Pylon  
  43  5:12  Stalker x3  
  49  5:21  Immortal  
  53  6:04  Pylon  
  53  6:06  Gateway  
  53  6:07  Gateway  
  53  6:08  Pylon  
  53  6:10  Pylon  
  53  6:11  Gateway  
  53  6:12  Pylon  
  53  6:14  Gateway  
  53  6:29  Pylon  
  53  6:32  Stalker x3  
  59  6:43  Probe  
  60  6:55  Probe  
  61  7:04  Stalker x3  
  67  7:33  Nexus  
  67  7:35  Stalker x4  
  67  7:36  Stalker x3  
  81  7:48  Forge  
  81  7:52  Forge  
  81  8:09  Probe  
  82  8:17  Forge  
  82  8:22  Probe  
  82  8:24  Stalker x3  
  90  8:34  Probe  
  90  8:40  Pylon  
  90  8:57  Stalker x3  
  90  8:58  Stalker x2  
  100  9:31  Stalker x6  
  112  9:51  Protoss Ground Weapons Level 1  
  112  9:52  Stalker  
  95  9:53  Protoss Shields Level 1, Protoss Ground Armor Level 1  
  94  10:18  Pylon  
  94  10:21  Pylon  
  94  10:36  Pylon  
  94  10:44  Pylon  
  94  10:45  Stalker x4  
  94  10:46  Stalker  
  94  10:48  Sentry  
  106  11:18  Twilight Council  
  106  11:34  Photon Cannon  
  106  11:46  Stalker x3  
  110  11:54  Stalker x3  
  110  11:55  Stalker  
  98  12:49  Stalker x4  
  98  12:50  Stalker  
  108  13:14  Stalker x5  
  108  13:15  Stalker  
  120  13:27  Protoss Ground Weapons Level 2  
  120  13:28  Protoss Ground Armor Level 2  
  120  13:30  Protoss Shields Level 2  
  92  14:22  Stalker x7  
  106  14:42  Templar Archives  
  106  14:50  Stalker x6  
  106  14:51  Stalker  
  120  15:45  High Templar x3  
  126  15:50  Psionic Storm  
  126  15:52  Pylon  
  126  15:53  Pylon  
  126  15:55  Pylon  
  126  15:56  Pylon  
Show
View Real Time Build Order
Export as new Build Order

JaySlays Terran - Winner!

Build Orders: MMM Bio 

Get SALT Encoding   

  12  0:01  SCV  
  13  0:13  SCV  
  14  0:19  Supply Depot  
  14  0:25  SCV  
  15  0:40  SCV  
  15  0:42  Barracks  
  16  0:52  SCV, Refinery  
  17  1:04  SCV  
  18  1:16  SCV  
  19  1:29  Orbital Command  
  19  1:32  Barracks  
  19  1:38  Refinery  
  19  1:41  Barracks Tech Lab  
  19  1:58  SCV  
  20  2:10  SCV  
  21  2:16  Marine, Stimpack, Barracks  
  21  2:21  Barracks  
  21  2:22  SCV  
  23  2:23  Barracks Reactor  
  23  2:34  Supply Depot  
  23  2:55  Marine  
  23  2:56  SCV  
  25  3:01  Marine  
  25  3:02  Marine  
  27  3:08  SCV  
  27  3:09  Barracks Reactor  
  27  3:10  Barracks Tech Lab  
  28  3:13  Marine  
  28  3:17  Supply Depot  
  28  3:19  Marine x2  
  30  3:24  Supply Depot  
  31  3:30  Combat Shields  
  31  3:38  Marine x2, SCV, Marauder  
  36  3:45  Marine x2  
  38  3:52  Factory  
  38  3:56  Marauder  
  38  4:00  Marauder  
  42  4:18  Marine x3, Marauder  
  47  4:24  Supply Depot  
  47  4:28  Supply Depot  
  47  4:30  Concussive Shells  
  47  4:39  Starport  
  47  4:43  Factory Reactor  
  47  4:46  Marine x3  
  50  4:53  Marauder  
  52  5:05  Supply Depot  
  52  5:11  Marine x2  
  54  5:24  Marine, Marauder x2  
  59  5:30  SCV  
  60  5:37  Medivac  
  60  5:39  Medivac  
  64  6:06  Marauder  
  64  6:10  Marine x2  
  68  6:25  Command Center  
  68  6:27  Marine x3  
  71  6:36  Engineering Bay  
  71  6:37  Engineering Bay  
  43  7:26  Marine x4  
  43  7:29  Terran Infantry Weapons Level 1  
  35  7:31  Terran Infantry Armor Level 1  
  33  7:37  SCV x2  
  33  7:43  Marine x2  
  33  7:44  Marine x2  
  37  7:49  SCV x2  
  37  7:50  Medivac  
  37  7:51  Medivac  
  45  7:57  Marine  
  45  7:58  Marine  
  47  8:01  SCV  
  48  8:06  Barracks  
  48  8:07  SCV  
  48  8:11  Missile Turret  
  49  8:13  Marine x3, SCV  
  49  8:14  Marine  
  55  8:22  Missile Turret  
  54  8:27  Orbital Command  
  54  8:30  Marine x2  
  54  8:31  Marine  
  54  8:32  Missile Turret  
  57  8:43  Marine, Marauder x2  
  57  8:48  Marine  
  59  8:59  Marine x2  
  59  9:01  Marine  
  60  9:04  Marine, Marauder  
  60  9:09  Marine  
  64  9:12  Barracks Reactor  
  64  9:15  Factory Tech Lab  
  64  9:17  Marine x2  
  64  9:19  Marine, Medivac  
  64  9:20  Medivac  
  64  9:21  Marine  
  72  9:25  Marine  
  72  9:27  Marine, Armory  
  74  9:34  Marine  
  74  9:35  Marine, Refinery  
  74  9:37  Marine  
  77  9:41  Marine  
  77  9:43  Marine  
  77  9:44  Marine  
  80  9:52  Marine x4  
  75  9:54  Marine  
  75  9:56  Medivac  
  75  9:59  Marine  
  82  10:00  Marine  
  82  10:02  Marine  
  84  10:10  Marine  
  84  10:12  SCV  
  86  10:14  Terran Infantry Weapons Level 2  
  86  10:16  Terran Infantry Armor Level 2  
  86  10:27  Supply Depot  
  86  10:44  Supply Depot  
  86  10:48  Marine x6, SCV x2  
  94  11:06  Siege Tank, SCV x2  
  94  11:09  Marine x3  
  102  11:19  Supply Depot  
  102  11:20  Supply Depot  
  102  11:39  Marine x2  
  102  11:41  Marine x2, Siege Tank, SCV  
  102  11:44  Supply Depot  
  78  12:03  Marine x3  
  78  12:04  Marine x5  
  86  12:16  Siege Tank  
  86  12:21  Marine x3  
  92  12:29  Marine x3  
  94  12:30  Marine x2  
  94  12:33  Medivac x2  
  94  12:35  Terran Infantry Weapons Level 3  
  94  12:36  Terran Infantry Armor Level 3  
  101  12:39  Marine x3  
  101  12:40  Refinery  
  104  12:47  Marine x3  
  107  12:52  Marine x2  
  107  12:56  Siege Tank  
  107  12:57  Marine x3  
  115  13:05  Marine x2  
  117  13:08  Supply Depot  
  117  13:09  Supply Depot  
  117  13:22  Marine x5  
  117  13:23  Marine  
  98  13:36  Marine  
  98  13:37  Marine  
  98  13:39  Marine  
  98  13:40  Marine x5  
  105  13:54  Marine x2  
  105  13:55  Barracks  
  107  13:57  Marine x2  
  107  13:58  Marine  
  107  13:59  Barracks  
  110  14:24  Marine x7  
  93  14:25  Marine  
  92  14:41  Marine  
  92  14:42  Marine x7  
  62  14:59  Medivac x2  
  63  15:07  Barracks Reactor  
  63  15:08  Barracks Reactor  
  61  15:21  Marine x2  
  61  15:22  Marine x3  
  61  15:23  Marine x3  
  61  15:28  Hi-Sec Auto Tracking  
  69  15:30  Medivac x2  
  73  15:39  Marine x2  
  73  15:42  Marine x4  
  78  15:43  Marine  
  78  15:46  Siege Tank  
  83  15:56  Marine x2  
  83  15:57  Marine x2  
  85  16:00  Factory  
  87  16:11  Command Center  
  87  16:18  Siege Tank  
  90  16:26  Marine x4  
  94  16:36  Marine x5  
  94  16:37  Marine  
  100  16:50  Siege Tank  
Show
View Real Time Build Order
Export as new Build Order

Wolf Protoss - Winner!

Build Orders: Oracle Opening, Phoenix Opening 

Get SALT Encoding   

  12  0:01  Probe  
  13  0:13  Probe  
  14  0:18  Pylon  
  14  0:25  Probe  
  15  0:36  Probe  
  15  0:37  Gateway  
  16  0:45  Probe  
  16  0:46  Assimilator  
  17  0:56  Probe  
  18  1:08  Probe  
  19  1:24  Cybernetics Core  
  19  1:27  Assimilator  
  19  1:28  Probe  
  20  1:46  Nexus  
  20  1:57  Pylon  
  20  2:06  Stargate  
  20  2:10  Probe  
  20  2:11  Adept  
  20  2:14  Warp Gate  
  23  2:32  Probe  
  23  2:34  Adept  
  26  2:44  Probe  
  27  2:56  Oracle  
  27  3:01  Probe x2, Adept  
  34  3:13  Probe x2  
  36  3:25  Probe  
  37  3:28  Probe  
  37  3:33  Phoenix  
  40  3:37  Probe  
  40  3:38  Probe  
  40  3:41  Pylon  
  42  3:44  Pylon  
  42  3:46  Probe  
  42  3:49  Probe  
  42  3:54  Probe  
  44  3:59  Phoenix  
  44  4:01  Probe  
  48  4:06  Probe  
  49  4:13  Probe  
  50  4:17  Phoenix  
  50  4:19  Probe  
  51  4:24  Gateway  
  51  4:25  Probe, Gateway  
  54  4:33  Probe, Pylon  
  54  4:36  Assimilator  
  54  4:37  Probe  
  56  4:40  Assimilator  
  56  4:46  Stargate  
  56  4:50  Phoenix  
  58  5:01  Zealot  
  57  5:17  Forge, Phoenix  
  59  5:25  Stalker  
  61  5:31  Phoenix  
  63  5:38  Gateway  
  63  5:40  Probe x2, Pylon  
  65  5:42  Pylon  
  65  5:46  Pylon  
  65  5:48  Phoenix  
  67  6:05  Protoss Ground Weapons Level 1  
  67  6:06  Phoenix  
  67  6:09  Zealot x3  
  75  6:23  Twilight Council  
  75  6:28  Probe x2  
  75  6:29  Photon Cannon  
  75  6:31  Photon Cannon  
  77  6:33  Phoenix  
  77  6:34  Gateway, Phoenix  
  81  7:00  Phoenix  
  81  7:01  Phoenix  
  81  7:16  Charge  
  71  7:30  Phoenix  
  71  7:31  Phoenix  
  73  7:39  Zealot x3  
  79  7:53  Zealot x2  
  79  7:55  Phoenix x2  
  87  8:02  Templar Archives  
  87  8:04  Zealot x2  
  91  8:09  Protoss Ground Armor Level 1  
  91  8:20  Phoenix  
  93  8:31  Pylon x2  
  93  8:32  Pylon  
  93  8:41  Pylon  
  93  8:43  Pylon x2  
  93  8:49  Phoenix  
  95  8:58  Phoenix  
  95  9:02  Zealot x5  
  107  9:14  Phoenix  
  97  10:03  Zealot x5  
  97  10:05  Phoenix x2  
  109  10:29  Protoss Ground Weapons Level 2  
  109  10:30  Phoenix  
  109  10:32  Phoenix  
  113  10:44  Zealot  
  113  10:45  Gateway, Zealot x4  
  123  10:54  Nexus  
  123  10:55  Phoenix  
  125  10:58  Assimilator  
  87  11:10  Phoenix  
  87  11:16  Zealot x5  
  95  11:20  Phoenix  
  87  12:18  Phoenix x2  
  87  12:22  Zealot x2  
  91  12:23  Zealot x3  
  99  12:43  Phoenix x2  
  99  13:00  Zealot x2  
  99  13:01  Zealot x3  
  109  13:08  Phoenix x2  
  109  13:12  Protoss Ground Weapons Level 3  
  113  13:24  Gateway  
  113  13:28  Gateway  
  113  13:29  Gateway  
  97  14:37  Zealot  
  97  14:38  Zealot x5  
  101  14:46  Phoenix  
  101  14:47  Phoenix  
  105  15:09  Phoenix x2  
  95  15:25  Zealot x6  
  95  15:26  Phoenix x2  
  107  15:31  Nexus  
  111  15:38  Pylon, Assimilator  
  111  15:39  Pylon  
  111  15:40  Pylon, Assimilator  
  111  16:11  Phoenix x2  
  115  16:17  Zealot x2  
  101  16:36  Phoenix  
Tags
 
Add a new tag
Caveats
  • Supply blocks, unpowered buildings, or Contaminate may cause inaccurate times.
  • Supply counts are checked every 10 seconds.